 Dungeon Crawl Stone Soup version 0.31.0-12-g77e489cdc1 (webtiles) character file.

Game seed: 2567982124161463719

86 lordive the Sneak (level 4, -2/29 HPs)
             Began as an Octopode Brigand on Feb 29, 2024.
             Slain by an orc
             ... wielding a +0 club
              (3 damage)
             ... on level 3 of the Dungeon.
             The game lasted 00:01:49 (1577 turns).

lordive the Sneak (Octopode Brigand)                Turns: 1577, Time: 00:01:50

Health: -2/29      AC:  1    Str: 10    XL:     4   Next: 49%
Magic:  4/4        EV: 12    Int: 15    God:
Gold:   190        SH:  0    Dex: 13    Spells: 3/3 levels left

rFire   . . .        m - +2 dagger (flame)
rCold   . . .        (no shield)
rNeg    . . .        (helmet restricted)
rPois   .            (no amulet)
rElec   .            (no ring)
rCorr   .            (no ring)
SInv    .            (no ring)
Will    .....        (no ring)
Stlth   ++++         (no ring)
HPRegen 0.24/turn    (no ring)
MPRegen 0.09/turn    (no ring)
                     (no ring)

%: no passive effects
@: no status effects
A: almost no armour, amphibious, 8 rings, camouflage 1, gelatinous body 1,
(nimble swimmer 1), tentacles
a: no special abilities


You were on level 3 of the Dungeon.
You visited 1 branch of the dungeon, and saw 3 of its levels.

You collected 190 gold pieces.

Inventory:

Hand Weapons
 m - a +2 dagger of flaming (weapon)
Missiles
 b - 16 poisoned darts (quivered)
 c - 5 curare-tipped darts
Scrolls
 d - a scroll of poison {unknown}
 f - a scroll of fear {unknown}
 h - a scroll of teleportation {unknown}
 i - a scroll of enchant armour {unknown}
 j - a scroll of identify {unknown}
Potions
 e - 3 potions of heal wounds {unknown}
 g - a potion of curing {unknown}
 k - a potion of enlightenment {unknown}
 l - 2 potions of lignification {unknown}


   Skills:
 + Level 2.2 Fighting
 + Level 2.7 Short Blades
 - Level 2.0 Throwing
 + Level 1.1 Dodging
 + Level 7.2 Stealth


You had 3 spell levels left.
You didn't know any spells.
Your spell library contained the following spells:

 Spells                   Type           Power      Damage    Failure   Level
 Volatile Blastmotes      Fire/Tloc      0%         2d10      63%         3
 Manifold Assault         Tloc           0%         N/A       95%         4
 Olgreb's Toxic Radiance  Alch           0%         N/A       95%         4
 Sculpt Simulacrum        Ice/Alch       0%         N/A       100%        6


Dungeon Overview and Level Annotations

Branches:
Dungeon (3/15)

Altars:


Innate Abilities, Weirdness & Mutations

You cannot wear most types of armour.
You are amphibious.
You can wear up to eight rings at the same time.
Your skin changes colour to match your surroundings (Stealth+).
Your rubbery body absorbs attacks. (AC +1, EV +1)
((You are camouflaged when in or above water. (Stealth+)))
You have tentacles for arms and can constrict up to eight enemies at once.


Message History

3 orcs come into view.
An orc is wielding a +2 heavy hand axe.
The orc shouts!
The orc hits you with a +0 dagger. The orc hits you with a +0 club.
You closely miss the orc. You grab the orc.
You squeeze the orc, but do no damage. You constrict the orc.
You hit the orc but do no damage. You squeeze the orc, but do no damage.
The orc is lightly wounded.
You constrict the orc, but do no damage.
The orc hits you with a +0 dagger.
You hit the orc. You burn the orc. You squeeze the orc.
You kill the orc!
You hit the orc. You burn the orc. You grab the orc.
The orc is heavily wounded.
You constrict the orc. The orc barely misses you.
You hit the orc. You burn the orc.
You kill the orc!
The orc hits you with a +2 heavy hand axe!
* * * LOW HITPOINT WARNING * * *
The orc hits you with a +0 club.
* * * LOW HITPOINT WARNING * * *
You are too injured to fight recklessly!
You are too injured to fight recklessly!
You are too injured to fight recklessly!
You are too injured to fight recklessly!
You are too injured to fight recklessly!
You are too injured to fight recklessly!
You are too injured to fight recklessly!
You are too injured to fight recklessly!
You are too injured to fight recklessly!
You are too injured to fight recklessly!
You are too injured to fight recklessly!
You are too injured to fight recklessly!
You are too injured to fight recklessly!
You are too injured to fight recklessly!
You are too injured to fight recklessly!
You are too injured to fight recklessly!
You are too injured to fight recklessly!
Unknown command.
The orc hits you with a +0 club.
You die...

###.####
....... ....!#
#....# #....##
+..... #..o.#
#..oo#
########@# #
.........##.###
#######........
#<#[...#...l#
#.#.##.#....#
#<..##.# ...#
######## ####


You could see 3 orcs.

Vanquished Creatures
  4 adders (D:2)
  A dart slug (D:1)
  2 ribbon worms (D:2)
  2 orcs (D:3)
  2 ball pythons (D:1)
  6 bats
  2 endoplasms
  A giant cockroach (D:1)
  4 goblins
  4 hobgoblins
  3 quokkas
  2 frilled lizards (D:1)
  5 kobolds
  3 rats (D:1)
41 creatures vanquished.

Notes
Turn   | Place    | Note
-------+----------+-------------------------------------------
     0 | D:1      | lordive the Octopode Brigand began the quest for the Orb.
     0 | D:1      | Reached XP level 1. HP: 14/14 MP: 1/1
   129 | D:1      | Reached XP level 2. HP: 19/19 MP: 2/2
   140 | D:1      | Reached skill level 6 in Stealth
   361 | D:1      | Reached XP level 3. HP: 24/24 MP: 3/3
   753 | D:2      | Reached skill level 7 in Stealth
   753 | D:2      | Reached XP level 4. HP: 12/29 MP: 4/4
  1059 | D:2      | Got Sif Muna's Quarto of the Beaker and Angles
  1576 | D:3      | HP: 1/29 [orc/+0 club (4)]
  1577 | D:3      | Slain by an orc

Illustrated notes

Levels and vault maps discovered:
D:1:      eino_arrival_water_star, layout_rooms
D:2:      minmay_general_purpose_star, layout_basic, minivault_24,
          kennysheep_decorative_pillar, minmay_pentomino_pile
D:3:      layout_basic, amcnicky_altar_gilded, uniq_crazy_yiuf_cottage

Skill      XL: |  1  2  3 |
---------------+----------+-----
Stealth        | 6 7 |  7.2
Fighting       | |  2.2
Short Blades   | |  2.7
Throwing       | |  2.0
Dodging        | |  1.1

Action                     |  1- 3 |  4- 6 || total
---------------------------+-------+-------++-------
  Melee: Dagger            |    54 |    19 ||    73
         Constrict         |    11 |     4 ||    15
         Tentacles         |     7 |     8 ||    15
   Stab: Sleeping          |    14 |     4 ||    18
 Armour: Skin              |    16 |    15 ||    31
  Dodge: Dodged            |    26 |    13 ||    39
